 Dungeon Crawl Stone Soup version 0.31-a0-963-ga325b2283a (webtiles) character file.

Game seed: 4000570109138671161

109 Forgeling the Grasshopper (level 4, 19/19 HPs)
             Began as a Felid Warper on Oct 25, 2023.
             Quit the game on level 3 of the Dungeon.
             The game lasted 00:07:06 (2043 turns).

Forgeling the Grasshopper (Felid Warper)            Turns: 2043, Time: 00:07:06

Health: 19/19      AC:  1    Str:  7    XL:     4   Next: 60%
Magic:  8/8        EV: 22    Int: 16    God:
Gold:   114        SH:  0    Dex: 15    Spells: 1/7 levels left
                                        Lives:  0   Deaths: 2

rFire   . .          .
                       - Unarmed
rCold   . . .        (shield unavailable)
rNeg    . . .        (body armour unavailable)
rPois   .            (helmet unavailable)
rElec   .            (cloak unavailable)
rCorr   .            (gloves unavailable)
SInv    +            (boots unavailable)
Will    .....        (no amulet)
Stlth   ++           d - +5 ring of evasion
HPRegen 0.23/turn    (no ring)
MPRegen 0.11/turn

%: no passive effects
@: quick
A: very small, claws 1, fangs 3, see invisible, speed 1, shaggy fur 1, stealthy
paws, no weapons or thrown items, no armour, multi-lived
a: no special abilities


You were on level 3 of the Dungeon.
You visited 1 branch of the dungeon, and saw 3 of its levels.

You collected 114 gold pieces.

Inventory:

Jewellery
 d - a +5 ring of evasion (left paw)
 g - a ring of ice
Scrolls
 e - a scroll of enchant weapon {unknown}
 f - a scroll of amnesia {unknown}
 D - a scroll of blinking
Potions
 a - a potion of heal wounds {unknown}
 c - a potion of degeneration
 J - a potion of curing {@q1}


   Skills:
 - Level 2.0 Fighting
 - Level 3.2 Dodging
 - Level 2.4 Stealth
 - Level 2.0 Unarmed Combat
 - Level 2.0 Spellcasting
 - Level 5.7 Translocations
 + Level 2.6 Ice Magic


You had one spell level left.
You knew the following spells:

 Your Spells              Type           Power      Damage    Failure   Level
a - Freeze                Ice            40%        1d6       7%          1
c - Frozen Ramparts       Ice            20%        1d4       22%         3
B - Blink                 Tloc           38%        N/A       3%          2

Your spell library contained the following spells:

 Spells                   Type           Power      Damage    Failure   Level
 Apportation              Tloc           38%        N/A       1%          1
 Necrotise                Necr           4%         1d4       21%         1
 Summon Small Mammal      Summ           4%         N/A       21%         1
 Lesser Beckoning         Tloc           38%        N/A       3%          2
 Teleport Other           Tloc           19%        N/A       6%          3
 Manifold Assault         Tloc           19%        N/A       21%         4
 Hailstorm                Conj/Ice       5%         3d4       36%         3
 Vhi's Electric Charge    Tloc/Air       20%        N/A       54%         4
 Summon Ice Beast         Ice/Summ       5%         N/A       77%         4
 Simulacrum               Ice/Necr       2%         N/A       100%        6


Dungeon Overview and Level Annotations

Branches:
Dungeon (3/15)

Altars:

Annotations:
D:2 Sigmund
D:3 Ijyb


Innate Abilities, Weirdness & Mutations

You have sharp claws.
You have razor-sharp teeth.
You have supernaturally acute eyesight. (SInv)
You cover ground quickly. (Speed+)
You are covered in fur. (AC +1)
Your paws help you pounce on unaware monsters.
You are incapable of wielding weapons or throwing items.
You cannot wear armour.
You gain extra lives every three experience levels.


Message History

The orc priest begins to cast a cantrip, but forgets the words!
You scratch the orc priest but do no damage.
The orc priest is severely wounded.
The wall freezes the bat.
You kill the bat!
The wall freezes the orc priest.
The adder zombie completely resists.
You scratch the orc priest.
You kill the orc priest!
The wall freezes the orc wizard.
The adder zombie completely resists.
You feel your intelligence returning.
You scratch the orc wizard.
The orc wizard is moderately wounded.
The wall freezes the orc wizard.
The adder zombie completely resists.
You scratch the orc wizard.
The orc wizard is severely wounded.
The orc wizard hits you with a +0 dagger.
* * * LOW HITPOINT WARNING * * *
The adder zombie completely resists.
You closely miss the orc wizard.
The orc wizard is severely wounded.
The adder zombie completely resists.
The wall freezes the orc wizard.
The orc wizard hits you with a +0 dagger.
* * * LOW HITPOINT WARNING * * *
You miss the orc wizard.
The orc wizard is almost dead.
The frozen ramparts melt away.
The orc wizard hits you with a +0 dagger.
* * * LOW HITPOINT WARNING * * *
You closely miss the orc wizard.
The orc wizard is almost dead.
The adder zombie bites you.
* * * LOW HITPOINT WARNING * * *
The orc wizard hits you with a +0 dagger.
You die...
You rejoin the land of the living...
Unknown command.
Unknown command.
Unknown command.
Unknown command.
Are you sure you want to abandon this character and quit the game? (Confirm with "yes".)

## ...#
.....##
.......#####
.......@...#
#########..#
##


There were no monsters in sight!

Vanquished Creatures
  An orc priest (D:3)
  A worm (D:2)
  6 dart slugs
  4 endoplasms
  A giant cockroach (D:1)
  9 goblins
  10 hobgoblins
  4 jackals
  3 quokkas
  3 ball pythons
  4 bats
  5 frilled lizards
  5 kobolds
  2 rats (D:1)
58 creatures vanquished.

Notes
Turn   | Place    | Note
-------+----------+-------------------------------------------
     0 | D:1      | Forgeling the Felid Warper began the quest for the Orb.
     0 | D:1      | Reached XP level 1. HP: 9/9 MP: 4/4
    94 | D:1      | Reached skill level 5 in Translocations
   140 | D:1      | Reached XP level 2. HP: 13/13 MP: 6/6
   247 | D:1      | Learned a level 2 spell: Blink
   413 | D:1      | Reached skill level 1 in Stealth
   485 | D:1      | Reached XP level 3. HP: 16/16 MP: 7/7
   785 | D:1      | Learned a level 1 spell: Freeze
  1288 | D:2      | Reached skill level 1 in Ice Magic
  1709 | D:2      | Noticed Sigmund
  1717 | D:2      | Killed from afar by Sigmund
  1805 | D:2      | Reached XP level 4. HP: 19/19 MP: 8/8
  1951 | D:3      | Noticed Ijyb
  1976 | D:3      | Learned a level 3 spell: Frozen Ramparts
  2042 | D:3      | Slain by an orc wizard
  2043 | D:3      | Quit the game

Illustrated notes

Levels and vault maps discovered:
D:1:      minmay_arrival_glassed_features, layout_loops_ring, minmay_ruptured
D:2:      cheibrodos_greedy_goblins, layout_basic, corner_web_ring, uniq_sigmund
D:3:      layout_rooms, hellmonk_ecumenical_altar_zigzags, serial_shops, shop,
          serial_undead, serial_undead_d, serial_undead_b, serial_undead_a,
          serial_undead_a, serial_undead_f, serial_undead_a, serial_undead_b,
          uniq_terence, uniq_crazy_yiuf_cottage, uniq_robin, uniq_ijyb

Skill      XL: |  1  2  3  4 |
---------------+-------------+-----
Translocations | 5 |  5.7
Stealth        | 2 |  2.4
Ice Magic      | 1 2 |  2.6
Fighting       | |  2.0
Dodging        | |  3.2
Unarmed Combat | |  2.0
Spellcasting   | |  2.0

Action                     |  1- 3 |  4- 6 || total
---------------------------+-------+-------++-------
  Melee: Unarmed           |   149 |    36 ||   185
         Bite              |    15 |     1 ||    16
         Punch             |     2 |     1 ||     3
   Cast: Freeze            |    18 |       ||    18
         Frozen Ramparts   |       |     2 ||     2
    Use: Potion            |       |     2 ||     2
   Stab: Sleeping          |     5 |       ||     5
         Distracted        |     1 |       ||     1
 Armour: Skin              |    45 |    18 ||    63
  Dodge: Dodged            |   102 |    30 ||   132

Table legend: (Time is in decaauts)
 A = Elapsed time spent in this place.
 B = Non-inter-level travel time spent in this place.
 C = Inter-level travel time spent in this place.
 D = Time resting spent in this place.
 E = Time spent auto-exploring this place.
 F = Levels seen in this place.
 G = Mean time per level.
                   A        B        C        D        E       F      G
               +--------+--------+--------+--------+--------+-----+--------+
         Total |   1766 |   1736 |     30 |     47 |   1082 |   3 |  588.7 |
       Dungeon |   1766 |   1736 |     30 |     47 |   1082 |   3 |  588.7 |
               +--------+--------+--------+--------+--------+-----+--------+

Top non-repeatable levels by time:
     D:2: 931 daAuts
     D:1: 753 daAuts
     D:3: 81 daAuts
